AoeStats
← |GaoeG| flamingo

Hideout

508855767Analyzed
1v1 RM · 7d ago on Sep 24, 2026· 36m 58s· 2 players
Game mode
Random Map
Map size
Tiny (2 player)
Population
200
Speed
Normal
Resources
Standard
Victory
Conquest
Starting age
Dark Age
Ending age
Imperial Age
RankedLock teamsTeams togetherTeam positionsShared explorationLock speedFull tech treeHidden civsTurbo modeCheats
Victory
Defeat
🇩🇪 Saxons · Germany
1403
+15
🇪🇸 Spanish · Spain
1376
-15
|GaoeG| flamingo
8:40 Loom
11:00 Feudal Age
14:55 Castle Age
12:44 Double-Bit Axe
12:47 Horse Collar
14:41 Gold Mining
16:17 Bow Saw
16:11 Heavy Plow
18:21 Padded Archer Armor
24:36 Bloodlines
26:28 Husbandry
28:20 Light Cavalry
29:48 Scale Barding Armor
32:20 Chain Barding Armor
32:16 Leather Archer Armor
35:07 Fletching
35:30 Forging
36:26 Wheelbarrow
Joseph
11:01 Feudal Age
12:11 Double-Bit Axe
14:48 Castle Age
12:51 Horse Collar
14:09 Loom
21:26 Fletching
23:11 Bodkin Arrow
22:38 Elite Skirmisher
24:33 Padded Archer Armor
25:39 Wheelbarrow
27:10 Ballistics
27:20 Squires
29:31 Hand Cart
30:07 Town Watch
35:14 Imperial Age
34:27 Masonry
34:32 Heavy Plow
34:45 Bow Saw
35:40 Scale Mail Armor
35:51 Forging
36:16 Bracer
Connection lost

Rejoining the realm…

Still unreachable

The connection could not be restored.

Session expired

The server has moved on; the page needs a fresh start.